 Dungeon Crawl Stone Soup version 0.31-a0-889-g1a8549509d (webtiles) character file.

Game seed: 13808460613001897446

279148 GloriousHammer the Convoker (level 18, -4/165 HPs)
             Began as a Demigod Fire Elementalist on Oct 6, 2023.
             Shot with a bolt by a yaktaur captain (21 damage)
             ... on level 3 of the Vaults on Oct 17, 2023.
             The game lasted 03:32:20 (63590 turns).

GloriousHammer the Convoker (DgFE)                 Turns: 63590, Time: 03:32:20

Health: -4/165     AC: 24    Str: 11 (13) XL:     18   Next: 93%
Magic:  20/38      EV: 20    Int: 31 (35) God:
Gold:   1150       SH: 15    Dex: 23      Spells: 2/39 levels left

rFire   . . .        I - +4 long sword (vamp)
rCold   + . .        g - +2 kite shield {reflect}
rNeg    . . .        X - +4 acid dragon scales
rPois   +            A - +2 helmet of Midsummer {rPois Dex+2 Stlth+}
rElec   .            x - +2 cloak {Stlth+}
rCorr   +            i - +0 pair of gloves "Pivego" {Regen+ Dex+3}
SInv    .            s - +0 pair of boots
Will    +++..        q - amulet of regeneration
Stlth   ++++++       Z - ring of the King {rPois AC+4 Int+2 Stlth+}
HPRegen 2.07/turn    S - ring "Ozoij" {Fly rC+ Will++ Slay+2}
MPRegen 0.26/turn

%: reflection
@: flying, studying Fighting
A: high MP 1, forlorn, divine attributes
}: 2/15 runes: decaying, gossamer
a: no special abilities


You were on level 3 of the Vaults.
You visited 6 branches of the dungeon, and saw 33 of its levels.
You also visited: Sewer, Bailey, Gauntlet, Ice Cave and Wizlab.

You collected 5333 gold pieces.
You spent 4183 gold pieces at shops.

Inventory:

Hand Weapons
 t - a +1 dagger of holy wrath
 G - a +0 dagger of electrocution
 I - a +4 vampiric long sword (weapon)
Missiles
 m - 41 poisoned darts
 v - 13 curare-tipped darts
 y - 3 throwing nets
Armour
 g - a +2 kite shield of reflection (worn)
 i - the +0 pair of gloves "Pivego" (worn) {Regen+ Dex+3}
   (You found it on level 4 of the Spider Nest)

   Dex+3:     It affects your dexterity (+3).
   Regen+:    It increases your rate of health regeneration.
 s - a +0 pair of boots (worn)
 x - a +2 cloak of stealth (worn)
 A - the +2 helmet of Midsummer (worn) {rPois Dex+2 Stlth+}
   (You acquired it on level 4 of the Dungeon)

   Dex+2:     It affects your dexterity (+2).
   rPois:     It protects you from poison Stlth+: It makes you more stealthy.
 X - +4 acid dragon scales (worn)
Jewellery
 c - a ring of protection from cold
 p - an amulet of reflection
 q - an amulet of regeneration (around neck)
 B - the ring of Doubt {Contam Int+4 Dex+6}
   (You found it in a Gauntlet)

   [ring of dexterity]

   Int+4:     It affects your intelligence (+4).
   Dex+6:     It affects your dexterity (+6).
   Contam:    It causes magical contamination when unequipped.
 E - the ring "Gasmow" {+Blink Will+ Dex+5}
   (You found it on level 1 of the Vaults)

   [ring of willpower]

   Dex+5:     It affects your dexterity (+5).
   Will+:     It increases your willpower.
   +Blink:    It lets you blink.
 M - an amulet of the acrobat
 N - the ring of Dishonour {AC+4 Str+2}
   (You found it on level 9 of the Dungeon)

   [ring of protection]

   AC+4:      It affects your AC (+4).
   Str+2:     It affects your strength (+2).
 S - the ring "Ozoij" (right hand) {Fly rC+ Will++ Slay+2}
   (You acquired it on level 4 of the Dungeon)

   [ring of protection from cold]

   Slay+2:    It affects your accuracy & damage with ranged weapons and melee
   (+2).
   rC+:       It protects you from cold.
   Will++:    It greatly increases your willpower.
   Fly:       It grants you flight.
 T - the ring "Qirait" {+Blink MP+9 Str+6 Dex+6}
   (You found it on level 1 of the Vaults)

   [ring of dexterity]

   Str+6:     It affects your strength (+6).
   Dex+6:     It affects your dexterity (+6).
   MP+9:      It affects your magic capacity (+9).
   +Blink:    It lets you blink.
 Z - the ring of the King (left hand) {rPois AC+4 Int+2 Stlth+}
   (You found it on level 4 of the Lair of Beasts)

   [ring of protection]

   AC+4:      It affects your AC (+4).
   Int+2:     It affects your intelligence (+2).
   rPois:     It protects you from poison Stlth+: It makes you more stealthy.
Wands
 a - a wand of polymorph (25)
 n - a wand of digging (8)
 o - a wand of paralysis (4)
 K - a wand of roots (10)
 P - a wand of mindburst (1)
 Y - a wand of quicksilver (5)
Scrolls
 f - 2 scrolls of enchant weapon
 k - 9 scrolls of immolation
 u - 8 scrolls of vulnerability
 w - 14 scrolls of teleportation
 C - 5 scrolls of poison
 L - a scroll of enchant armour
 O - 4 scrolls of butterflies
 R - 3 scrolls of fog
 U - a scroll of silence
 V - 3 scrolls of revelation
Potions
 b - 2 potions of magic
 d - 5 potions of mutation
 j - 10 potions of enlightenment
 l - 2 potions of haste
 r - 8 potions of ambrosia
 z - 5 potions of lignification
 D - a potion of resistance
 F - 6 potions of invisibility
 H - 7 potions of might
 J - 5 potions of brilliance
 Q - 2 potions of cancellation
 W - 16 potions of curing
Miscellaneous
 h - a phantom mirror (inert)


   Skills:
 + Level 15.6 Fighting
 + Level 6.0 Long Blades
 - Level 5.0 Armour
 + Level 13.5 Dodging
 - Level 4.0 Stealth
 - Level 9.6 Shields
 - Level 11.0 Spellcasting
 - Level 6.0 Conjurations
 - Level 2.0 Hexes
 + Level 16.5 Summonings
 - Level 6.0 Translocations
 - Level 3.0 Transmutations
 - Level 10.0 Fire Magic
 - Level 3.0 Earth Magic
 - Level 7.9 Poison Magic


You had 2 spell levels left.
You knew the following spells:

 Your Spells              Type           Power      Damage    Failure   Level
a - Monstrous Menagerie   Summ           44%        N/A       12%         7
b - Scorch                Fire           100%       2d9       1%          2
c - Volatile Blastmotes   Fire/Tloc      100%       2d18      1%          3
d - Olgreb's Toxic Radia  Pois           60%        N/A       4%          4
e - Summon Forest         Summ/Tloc      36%        N/A       3%          5
f - Inner Flame           Hex/Fire       53%        N/A       3%          3
g - Summon Cactus Giant   Summ           44%        N/A       2%          6
h - Blink                 Tloc           100%       N/A       1%          2
i - Ignite Poison         Fire/Tmut/Pois 57%        N/A       2%          3
j - Passwall              Tmut/Erth      29%        N/A       5%          2

Your spell library contained the following spells:

 Spells                   Type           Power      Damage    Failure   Level
 Foxfire                  Conj/Fire      100%       2x1d9     1%          1
 Sandblast                Erth           70%        2d15      3%          1
 Poisonous Vapours        Pois/Air       82%        N/A       3%          2
 Slow                     Hex            100%       N/A       5%          1
 Wereblood                Tmut           35%        N/A       5%          2
 Cigotuvi's Dreadful Rot  Necr/Pois/Air  66%        N/A       6%          2
 Jinxbite                 Hex            58%        N/A       9%          2
 Necrotise                Necr           68%        1d7       12%         1
 Ensorcelled Hibernation  Hex/Ice        46%        N/A       12%         2
 Gell's Gravitas          Tloc           53%        N/A       3%          3
 Teleport Other           Tloc           53%        N/A       3%          3
 Flame Wave               Conj/Fire      61%        2d14      4%          4
 Sticky Flame             Conj/Fire      61%        2d8       4%          4
 Summon Ice Beast         Ice/Summ       62%        N/A       4%          4
 Mephitic Cloud           Conj/Pois/Air  45%        N/A       5%          3
 Stone Arrow              Conj/Erth      88%        3d12      6%          3
 Summon Mana Viper        Hex/Summ       65%        N/A       8%          5
 Manifold Assault         Tloc           53%        N/A       11%         4
 Passage of Golubria      Tloc           53%        N/A       11%         4
 Summon Hydra             Summ           44%        N/A       12%         7
 Confusing Touch          Hex            29%        N/A       16%         3
 Sigil of Binding         Hex            29%        N/A       16%         3
 Tukima's Dance           Hex            29%        N/A       16%         3
 Brom's Barrelling Bould  Conj/Erth      44%        2d6       19%         4
 Vampiric Draining        Necr           17%        2d7       36%         3
 Alistair's Intoxication  Tmut/Pois      33%        N/A       36%         5
 Irradiate                Conj/Tmut      22%        3d19      47%         5
 Anguish                  Hex/Necr       11%        N/A       63%         4
 Animate Dead             Necr           17%        N/A       77%         4
 Dispel Undead            Necr           17%        3d10      77%         4
 Yara's Violent Unravell  Hex/Tmut       16%        3d8       77%         5
 Freezing Cloud           Conj/Ice/Air   14%        6-21      83%         5
 Dispersal                Tloc           26%        N/A       85%         6
 Eringya's Noxious Bog    Tmut/Pois      25%        4d6       90%         6
 Metabolic Englaciation   Hex/Ice        11%        N/A       92%         5
 Death Channel            Necr           8%         N/A       100%        6
 Enfeeble                 Hex            14%        N/A       100%        7
 Ozocubu's Refrigeration  Ice            8%         4d9       100%        7


Dungeon Overview and Level Annotations

Branches:
Dungeon (15/15)            Temple (0/1) D:6            Lair (5/5) D:11
  Swamp (4/4) Lair:3       Spider (4/4) Lair:3        Slime (0/5) Lair:4
    Orc (2/2) D:9             Elf (0/3) Orc:2        Vaults (3/5) D:13
  Crypt (0/3) Vaults:3     Depths (0/4) D:15          Sewer (visited)
 Bailey (visited)           IceCv (visited)          WizLab (visited)
Gauntlet (visited)

Shops:
D:3 [   D:4 ?   D:5 *   Orc:1 =   Orc:2 :[::?

Annotations:
D:7 Jeremiah
D:12 exclusion: downstairs
Lair:2 exclusion: downstairs
Swamp:1 exclusion: downstairs, Frances


Innate Abilities, Weirdness & Mutations

You have an increased reservoir of magic. (+10% MP)
You shall have no god before yourself.
Your divine heritage dramatically boosts your attributes as you level up.


Message History

The golden dragon breathes fire at you. The bolt of fire hits you!
* * * LOW HITPOINT WARNING * * *
Aiming: Phantom Mirror
Press: ? - help, Dir - move target, f - golden dragon
Aim: a golden dragon (almost dead)
You reflect the golden dragon with the mirror!
The mirror clouds!
You block the peacekeeper's attack. x2
Your golden dragon breathes cold at the golden dragon.
The bolt of cold hits the golden dragon!
The golden dragon resists.
The golden dragon dies!
The gold dragon scales are intact enough to wear.
You hit the peacekeeper.
The peacekeeper is lightly damaged.
The yaktaur captain unwields a +0 arbalest.
The yaktaur captain hits your golden dragon!!
Your golden dragon dies!
Your golden dragon's corpse shimmers and vanishes!
The peacekeeper bites you.
* * * LOW HITPOINT WARNING * * *
The peacekeeper barely misses you. You block the peacekeeper's attack.
The peacekeeper misses you.
Casting: Summon Cactus Giant (mildly dangerous; 2% risk of failure)
Confirm with . or Enter, or press ? or * to list all spells.
You block the peacekeeper's attack.
The peacekeeper claws you but does no damage.
You hit the peacekeeper but do no damage.
The peacekeeper closely misses you. You block the peacekeeper's attack.
The yaktaur captain wields a +0 arbalest.
The yaktaur captain shoots a bolt.
The bolt hits your cactus giant!! The peacekeeper bites you!
* * * LOW HITPOINT WARNING * * *
You block the peacekeeper's attack.
Your cactus giant hits the peacekeeper with a +0 giant spiked club!
You hit the peacekeeper but do no damage.
The peacekeeper is heavily damaged.
You block the peacekeeper's attack. The peacekeeper misses you.
The yaktaur captain unwields a +0 arbalest.
The yaktaur captain is struck by your cactus giant's spines.
The yaktaur captain barely misses your cactus giant.
You block the peacekeeper's attack. x2
The yaktaur captain wields a +0 arbalest.
The yaktaur captain shoots a bolt.
The bolt hits your cactus giant!!
You slash the peacekeeper!
The peacekeeper is heavily damaged.
You carefully extract the barbed spikes from your body.
You are no longer corroded.
You block the peacekeeper's attack.
The peacekeeper claws you but does no damage.
The peacekeeper bites you but does no damage.
The peacekeeper misses you.
The yaktaur captain shoots a bolt.
The bolt hits your cactus giant!!
You slash the peacekeeper!
The peacekeeper is severely damaged.
Your cactus giant hits the peacekeeper with a +0 giant spiked club!
The peacekeeper bites you.
* * * LOW HITPOINT WARNING * * *
You block the peacekeeper's attack.
Something unseen opens the door.
The yaktaur captain shoots a bolt.
The bolt hits your cactus giant!! The peacekeeper barely misses you.
You block the peacekeeper's attack.
You slash the peacekeeper!
You destroy the peacekeeper!
The yaktaur captain shoots a bolt.
The bolt hits your cactus giant!!!
Your cactus giant is destroyed!
Your cactus giant disappears in a puff of smoke!
You feel your intelligence returning.
Your Long Blades skill increases to level 6!
The yaktaur captain unwields a +0 arbalest.
The yaktaur captain hits you but does no damage.
Things that are here:
+0 gold dragon scales; a golden dragon corpse Electricity crackles from the ironbound thunderhulk's apparatus.
The bolt of lightning misses you. The yaktaur captain hits you!
* * * LOW HITPOINT WARNING * * *
Things that are here:
a +1 heavy long sword; an elf corpse You block the yaktaur captain's attack.
The yaktaur captain hits you.
* * * LOW HITPOINT WARNING * * *
There is an open door here.
Things that are here:
a +0 arbalest; a yaktaur corpse
Casting: Summon Cactus Giant (mildly dangerous; 2% risk of failure)
Confirm with . or Enter, or press ? or * to list all spells.
Space becomes stable.
Strange energies crackle from the ironbound thunderhulk's apparatus.
The ironbound thunderhulk blinks!
The yaktaur captain hits you!
* * * LOW HITPOINT WARNING * * *
You feel much better.
The ironbound thunderhulk closely misses you.
The yaktaur captain hits you!
* * * LOW HITPOINT WARNING * * *
Your cactus giant hits the ironbound thunderhulk with a +0 giant spiked club.
The yaktaur captain wields a +0 arbalest.
The yaktaur captain shoots a bolt.
The bolt hits you!
* * * LOW HITPOINT WARNING * * *
You block the ironbound thunderhulk's attack.
The yaktaur captain shoots a bolt.
The bolt hits you!!
You die...

,,,,,,,,,,,,,,,,,,,,,,,,,,,,,,,,,
,,,,,,,,,,,,,,,,,,,,,,,,,,,,,,,,,
,,,,.........#####.,,,,,,,,,,,,,,
,,,,.....#####...#.,,,,,,,,,,,,,,
,,,,.#####...#...#.,,,,,,,,,,,,,,
,***##...#...'...#.,,,,,,,,,,****
,*,,.#...#...##'###,,,,,,,,,,*,,,
,*,,.+...######...#,,,,,,,,,,*,,,
,*,,.######...#.@.#,,,,,,,,,,*,,,
,***+##...#.)c)OC.#,,,,,,,,,^*,,,
,,*,..#.$.#.[.##'##*,,,,,,,,,+,,,
,,*,p.+...##†#♣#...+,,,,,,,,,*,,,
,,*,..###+##...#.?.#,,,,,,,,,*,,,
,,**####...'...#...#,***,,,,,*,,,
,,,*...+.?.#...##'##**,**,,,,*,,,
,,,*.O.#...###♣##..,+,,,+,,,,****
,,,*...###+##...+..,**,**,,,,,,,,


You could see an ironbound thunderhulk, a yaktaur captain (ally target) and a
friendly cactus giant (summoned).

Vanquished Creatures
  A walking earthen tome (WizLab)
  A titan (Vaults:2)
  A sphinx (Vaults:1)
  Kirke (Lair:3)
  Agnes (Spider:2)
  4 emperor scorpions
  Donald (Spider:4)
  2 ghost moths
  3 vault wardens
  2 ironbound preservers (Vaults:1)
  An orc warlord (Orc:1)
  An ironbound thunderhulk (Vaults:1)
  4 broodmothers
  4 dire elephants (Vaults:1)
  2 bunyips
  3 spark wasps
  The ghost of promet the Warrior, a journeyman KoBr of Dithmenos (Lair:4)
  2 entropy weavers
  A yaktaur captain (Vaults:1)
  Erolcha (Orc:2)
  2 rakshasas
  Fannar (Lair:3)
  Josephine (Lair:3)
  An ice dragon (D:14)
  10 vault guards
  2 hydras
  Erica (Orc:1)
  4 ironbound frosthearts
  4 alligators
  A jorogumo (Spider:1)
  An ogre mage (D:15)
  9 two-headed ogres
  A peacekeeper (Vaults:3)
  6 centaur warriors
  A ghost crab (Lair:3)
  2 boulder beetles
  5 death yaks
  A radroach (Spider:3)
  2 tengu warriors (D:15)
  5 demonic crawlers
  A spectral death yak (Lair:3)
  3 goliath frogs
  7 orb spiders
  2 spriggan druids
  13 deep trolls
  A skyshark (Lair:4)
  An ironbound convoker (Vaults:1)
  2 swamp dragons
  3 lindwurms
  2 bog bodies (Swamp:4)
  2 spectral hydras
  3 orc knights (Orc:2)
  An alligator zombie (Swamp:4)
  A steelbarb worm (Spider:2)
  A wizard (Vaults:1)
  A deep elf zephyrmancer (D:15)
  A necromancer (D:15)
  A wolf spider zombie (D:15)
  A deep elf pyromancer (D:15)
  An orc sorcerer (D:15)
  16 wolf spiders
  13 ugly things
  4 manticores
  8 cyclopes
  4 will-o-the-wisps
  5 moths of wrath
  An ice statue (IceCv)
  4 black mambas
  5 elephants
  Maurice (Orc:1)
  A vault sentinel (Vaults:1)
  3 gargoyles
  8 cane toads
  A naga mage (D:15)
  A centaur skeleton (D:15)
  Maggie (D:6)
  6 torpor snails
  4 komodo dragons
  3 yaktaurs (Vaults:1)
  4 freezing wraiths
  2 anaconda simulacra (IceCv)
  3 rime drakes
  An unseen horror (D:13)
  4 ice devils (IceCv)
  2 hydra zombies (Swamp:4)
  2 polar bears (Lair:1)
  A tengu conjurer (D:14)
  6 trolls
  16 hornets
  3 meliai (Spider:2)
  3 nameless horrors
  4 tyrant leeches
  30 tarantellas
  Prince Ribbit (D:8)
  A spectral swamp dragon (Swamp:4)
  14 blink frogs
  2 raiju (Gauntlet)
  18 slime creatures
  32 jumping spiders
  A spectral black mamba (Lair:3)
  A culicivora (shapeshifter) (D:15)
  9 spriggans
  22 culicivoras
  3 flying skulls (Gauntlet)
  A spriggan (shapeshifter) (D:15)
  32 yaks
  4 shadows
  7 wraiths
  7 wyverns
  A wyvern (shapeshifter) (D:14)
  4 dire elephant simulacra (IceCv)
  A fire elemental (Lair:3)
  2 fire bats (Lair:3)
  4 hogs (Lair:3)
  72 redbacks
  12 vampire mosquitoes
  A death yak simulacrum (IceCv)
  5 basilisks
  3 harpy simulacra (IceCv)
  2 steam dragons
  3 acid dragons
  9 swamp worms
  8 wargs
  11 water moccasins
  Duvessa (D:7)
  A hydra simulacrum (IceCv)
  3 swamp drakes (Swamp:4)
  37 orc warriors
  An ice beast (D:5)
  2 sky beasts (D:6)
  A black bear (shapeshifter) (D:14)
  2 black bears
  7 ogres
  3 boggarts (Vaults:1)
  17 centaurs
  A swamp dragon zombie (Swamp:4)
  6 wolves (Lair:2)
  2 phantoms
  5 kobold brigands
  11 bullfrogs
  5 gnoll sergeants
  3 scorpions
  3 wights (D:6)
  Dowan (D:7)
  4 killer bees (D:10)
  7 electric eels
  4 howler monkeys
  A lava snake (Lair:3)
  8 jellies
  A gnoll bouda (D:5)
  3 hounds
  A sleepcap (D:6)
  Crazy Yiuf (D:7)
  15 orc priests
  11 orc wizards
  Jessica (D:2)
  2 iguanas (D:5)
  A boggart zombie (D:15)
  2 spectral swamp drakes (Swamp:4)
  A spriggan simulacrum (IceCv)
  7 hell rats (Lair:3)
  2 lightning spires (Gauntlet)
  A troll simulacrum (IceCv)
  37 gnolls
  6 adders
  A naga simulacrum (IceCv)
  2 river rats
  2 shadow imps
  6 white imps
  A worm (D:4)
  2 dart slugs
  61 orcs
  6 ball pythons
  6 bats
  8 endoplasms
  5 giant cockroaches
  11 goblins
  10 hobgoblins
  A jackal (Sewer)
  28 kobolds
  6 quokkas
  5 frilled lizards
  7 rats
1004 creatures vanquished.

Vanquished Creatures (collateral kills)
  A golden dragon (Vaults:3)
  Arachne (Spider:4)
  A bone dragon (Swamp:4)
  A tentacled monstrosity (Swamp:2)
  Jorgrun (Spider:3)
  A walking earthen tome (WizLab)
  A sphinx (Vaults:2)
  A thorn hunter (Swamp:2)
  Aizul (Swamp:2)
  A fire giant (Vaults:2)
  4 emperor scorpions (Spider:4)
  3 vault wardens (Vaults:1)
  3 ghost moths
  6 ironbound preservers
  A deep elf annihilator (Vaults:3)
  4 ironbound thunderhulks
  5 dire elephants
  A bunyip (Swamp:2)
  A shambling mangrove (Swamp:4)
  6 entropy weavers
  8 rakshasas (WizLab)
  A great orb of eyes (Vaults:1)
  2 yaktaur captains
  A ghost crab (Swamp:4)
  A vault guard (Vaults:2)
  5 hydras
  3 jorogumos
  A radroach (Spider:3)
  2 alligators
  6 dancing weapons (WizLab)
  An ironbound frostheart (Vaults:1)
  6 demonic crawlers
  A hell knight (Vaults:1)
  5 pharaoh ants
  16 deep trolls
  A sun moth (Spider:3)
  2 orb spiders
  A swamp dragon (Swamp:1)
  A wizard (Vaults:2)
  3 spectral hydras (Swamp:4)
  A necromancer (Vaults:2)
  2 bog bodies (Swamp:4)
  6 lindwurms
  4 ironbound convokers
  2 phantasmal warriors (Swamp:4)
  7 steelbarb worms
  A salamander (Lair:3)
  5 harpies (Vaults:2)
  4 alligator zombies (Swamp:4)
  A moth of wrath (Spider:1)
  2 wolf spiders (Spider:4)
  4 will-o-the-wisps
  4 vault sentinels (Vaults:1)
  A black mamba (Lair:4)
  4 nameless horrors
  A swamp worm zombie (Swamp:4)
  A hydra zombie (Swamp:4)
  3 tarantellas
  A tyrant leech (Swamp:3)
  6 hornets
  A spectral swamp dragon (Swamp:4)
  3 blink frogs (Lair:5)
  3 jumping spiders
  7 slime creatures
  3 culicivoras
  4 spriggans
  12 redbacks
  4 swamp worms
  A swamp dragon zombie (Swamp:4)
  A boggart (Vaults:1)
  The ghost of GreenGuy14 the Insei, an amateur DsSh of Wu Jian (D:4)
  A phantom (Swamp:4)
  A centaur (D:15)
  9 foxfires
222 creatures vanquished.

Vanquished Creatures (others)
  2 alligators (Swamp:4)
  A will-o-the-wisp (Swamp:3)
  8 bloated husks
  A human (Lair:3)
  2 swamp dragon zombies (Swamp:4)
  An orc wizard (Orc:2)
  1287 foxfires
  20 snaplasher vines
1322 creatures vanquished.

Grand Total: 2548 creatures vanquished

Notes
Turn   | Place    | Note
-------+----------+-------------------------------------------
     0 | D:1      | GloriousHammer the Demigod Fire Elementalist began the
                  | quest for the Orb.
     0 | D:1      | Reached XP level 1. HP: 14/14 MP: 5/5
    60 | D:1      | Reached skill level 1 in Conjurations
   268 | D:1      | Reached XP level 2. HP: 20/20 MP: 5/7
   271 | D:1      | Learned a level 2 spell: Scorch
  1232 | D:2      | Noticed Jessica
  1234 | D:2      | Reached XP level 3. HP: 26/26 MP: 1/8
  1300 | D:2      | Killed Jessica
  2063 | D:2      | Learned a level 3 spell: Volatile Blastmotes
  2262 | D:3      | Reached XP level 4. HP: 33/33 MP: 4/10
  2358 | D:3      | Found Sydwuamn's Armour Emporium.
  2857 | D:4      | Noticed a phantom
  2868 | D:4      | Killed a phantom
  2869 | D:4      | Reached skill level 1 in Translocations
  2869 | D:4      | Reached XP level 5. HP: 38/38 MP: 2/12
  2914 | D:4      | Found a glowing drain.
  2961 | Sewer    | Entered a sewer
  3614 | D:4      | Reached XP level 6. HP: 45/45 MP: 10/13
  3866 | D:4      | Found Heatyopn's Magic Scroll Shop.
  3869 | D:4      | Bought a scroll of fear for 48 gold pieces
  3869 | D:4      | Bought a scroll of blinking for 90 gold pieces
  3877 | D:4      | Found a runed translucent door.
  3878 | D:4      | Noticed GreenGuy14's ghost (amateur DsSh)
  3940 | D:4      | Found a runed translucent door.
  4073 | D:5      | Entered Level 5 of the Dungeon
  4349 | D:5      | Learned a level 4 spell: Flame Wave
  4712 | D:5      | Reached skill level 5 in Fire Magic
  5122 | D:5      | Reached XP level 7. HP: 36/50 MP: 4/15
  5656 | D:5      | Found Huapogad's Assorted Antiques.
  5659 | D:5      | Bought a scroll labelled WULUGHOTAWN for 23 gold pieces
  5659 | D:5      | Bought a sedimented black potion for 20 gold pieces
  6280 | D:6      | Found a staircase to the Ecumenical Temple.
  6284 | D:6      | Noticed a two-headed ogre
  6350 | D:6      | Killed a two-headed ogre
  6351 | D:6      | Reached XP level 8. HP: 20/57 MP: 1/18
  6512 | D:6      | Noticed Maggie
  6519 | D:6      | Killed Maggie
  6727 | D:6      | Reached skill level 5 in Conjurations
  7180 | D:6      | Reached skill level 5 in Spellcasting
  7635 | D:6      | Reached XP level 9. HP: 57/60 MP: 12/20
  8400 | D:7      | Noticed Duvessa
  8400 | D:7      | Noticed Dowan
  8462 | D:7      | Noticed Jeremiah
  8506 | D:7      | Found a runed translucent door.
  8507 | D:7      | Noticed Crazy Yiuf
  8514 | D:7      | Killed Crazy Yiuf
  8721 | D:7      | Reached skill level 1 in Armour
  8728 | D:7      | Reached skill level 1 in Fighting
  8728 | D:7      | Reached skill level 1 in Shields
  9600 | D:8      | Noticed Prince Ribbit
  9605 | D:8      | Killed Prince Ribbit
 10477 | D:8      | Learned a level 5 spell: Summon Forest
 10531 | D:9      | Noticed a two-headed ogre
 10542 | D:9      | Killed a two-headed ogre
 10543 | D:9      | Reached XP level 10. HP: 36/74 MP: 3/22
 10675 | D:9      | Found a flagged portal.
 10686 | Bailey   | Entered a bailey
 11909 | D:9      | Identified the ring of Dishonour {AC+4 Str+2}
 12176 | D:9      | Found a staircase to the Orcish Mines.
 12396 | D:9      | Identified the +12 quarterstaff of the Wonderful God
                  | {freeze, Contam rPois rN+ Str+2}
 12437 | D:9      | Reached skill level 5 in Shields
 12676 | D:10     | Entered Level 10 of the Dungeon
 13017 | D:10     | Reached skill level 5 in Fighting
 13017 | D:10     | Reached skill level 5 in Dodging
 13017 | D:10     | Reached XP level 11. HP: 88/88 MP: 24/24
 13018 | D:10     | Reached XP level 12. HP: 97/97 MP: 25/25
 13292 | D:10     | Reached skill level 1 in Summonings
 13568 | D:11     | Found a frozen archway.
 13578 | IceCv    | Entered an ice cave
 14715 | IceCv    | Reached skill level 2 in Summonings
 15670 | IceCv    | Noticed a reaper
 15716 | IceCv    | Got an illuminated book
 16281 | D:11     | Reached skill level 3 in Summonings
 16585 | D:11     | Found a staircase to the Lair.
 16943 | D:11     | Reached XP level 13. HP: 106/107 MP: 3/26
 17359 | Lair:1   | Entered Level 1 of the Lair of Beasts
 17712 | Lair:1   | Reached skill level 4 in Summonings
 18284 | Lair:1   | Reached skill level 10 in Fire Magic
 19135 | Lair:1   | Reached skill level 5 in Summonings
 20830 | Lair:3   | Found a gate leading to a gauntlet.
 20844 | Gauntlet | Entered a Gauntlet
 20844 | Gauntlet | Found a transporter.
 20930 | Gauntlet | Found a transporter.
 20933 | Gauntlet | Found a transporter.
 20934 | Gauntlet | Found a transporter.
 20945 | Gauntlet | Found a transporter.
 20946 | Gauntlet | Found a transporter.
 20956 | Gauntlet | Found a transporter.
 20958 | Gauntlet | Found a transporter.
 20959 | Gauntlet | Found a transporter.
 20970 | Gauntlet | Found a transporter.
 20970 | Gauntlet | Found a transporter.
 20971 | Gauntlet | Found a transporter.
 20975 | Gauntlet | Found a runed translucent door.
 20977 | Gauntlet | Found a runed translucent door.
 20979 | Gauntlet | Found a transporter.
 21027 | Gauntlet | Found a transporter.
 21162 | Gauntlet | Reached skill level 6 in Summonings
 21561 | Gauntlet | Identified the ring of Doubt {Contam Int+4 Dex+6}
 21713 | Gauntlet | Noticed a minotaur
 21726 | Gauntlet | Identified the +0 scale mail of Roar Nia {Harm rF- Dex+2}
 21789 | Lair:3   | Upgraded the game from 0.31-a0-851-g7ff8af7976 to
                  | 0.31-a0-854-g362426d53f
 22038 | Lair:3   | Identified the +0 robe "Jepp" {+Blink rC- Str+3}
 22095 | Lair:3   | Found a hole to the Spider Nest.
 22148 | Lair:3   | Upgraded the game from 0.31-a0-854-g362426d53f to
                  | 0.31-a0-859-g9dce7d3444
 22795 | Lair:3   | Noticed Josephine
 22807 | Lair:3   | Killed Josephine
 23140 | Lair:3   | Noticed Kirke
 23264 | Lair:3   | Killed Kirke
 23265 | Lair:3   | Reached skill level 10 in Dodging
 23279 | Lair:3   | Reached skill level 7 in Summonings
 23653 | Lair:3   | Noticed Fannar
 23669 | Lair:3   | Killed Fannar
 23823 | Lair:3   | Reached skill level 10 in Fighting
 23823 | Lair:3   | Reached XP level 14. HP: 119/121 MP: 5/27
 23942 | Lair:3   | Found a staircase to the Swamp.
 24088 | Lair:2   | Learned a level 3 spell: Inner Flame
 24300 | Lair:3   | Reached skill level 1 in Hexes
 24985 | Lair:4   | Found a staircase to the Slime Pits.
 25377 | Lair:4   | Reached skill level 8 in Summonings
 26086 | Lair:4   | Found a runed translucent door.
 26088 | Lair:4   | Noticed promet's ghost (journeyman KoBr)
 27205 | Lair:4   | Killed promet's ghost
 27206 | Lair:4   | Reached skill level 9 in Summonings
 27213 | Lair:4   | Identified the ring of the King {rPois AC+4 Int+2 Stlth+}
 27315 | Lair:5   | Entered Level 5 of the Lair of Beasts
 27591 | Lair:5   | Upgraded the game from 0.31-a0-859-g9dce7d3444 to
                  | 0.31-a0-865-g3d5d91748a
 27591 | Lair:5   | Upgraded the game from 0.31-a0-865-g3d5d91748a to
                  | 0.31-a0-868-g674d60d6f7
 27833 | Orc:1    | Entered Level 1 of the Orcish Mines
 27833 | Orc:1    | Noticed Erica
 27833 | Orc:1    | Found Fogog's Jewellery Shoppe.
 27853 | Orc:1    | Killed Erica
 28442 | Orc:2    | Entered Level 2 of the Orcish Mines
 28593 | Orc:1    | Upgraded the game from 0.31-a0-868-g674d60d6f7 to
                  | 0.31-a0-875-g02e7d12df6
 28634 | Orc:2    | Noticed Maurice
 28654 | Orc:1    | Something stole 33 poisoned darts
 28659 | Orc:1    | Paralysed by something for 5 turns
 28665 | Orc:1    | Killed Maurice
 29292 | Orc:2    | Reached skill level 10 in Summonings
 30183 | Orc:2    | Noticed Erolcha
 30223 | Orc:2    | Killed Erolcha
 31067 | Orc:2    | Found a staircase to the Elven Halls.
 31068 | Orc:2    | Found Byufoim's Book Emporium.
 31150 | Orc:2    | Found Egid's Book Emporium.
 31150 | Orc:2    | Found Ewniry's Book Boutique.
 31152 | Orc:2    | Found Muek's Armour Shop.
 31154 | Orc:2    | Found Xiquixko's Magic Scroll Shoppe.
 31495 | Orc:1    | Noticed an orc warlord
 31502 | Orc:1    | Reached skill level 11 in Summonings
 31838 | Orc:1    | Killed an orc warlord
 33311 | D:13     | Identified the +7 scale mail of Exclusion {Dex+4}
 33522 | D:13     | Reached skill level 12 in Summonings
 34651 | D:13     | Found a gate to the Vaults.
 34966 | D:13     | Identified the +11 short sword of Breach {venom, rElec
                  | rPois Int-2}
 35191 | D:13     | Reached XP level 15. HP: 93/126 MP: 3/28
 35367 | D:14     | Reached skill level 13 in Summonings
 36901 | D:4      | Bought 3 scrolls of acquirement for 1872 gold pieces
 36901 | D:4      | Acquired the ring "Ozoij" {Fly rC+ Will++ Slay+2}
 36902 | D:4      | Acquired 952 gold pieces
 36903 | D:4      | Acquired the +2 helmet of Midsummer {rPois Dex+2 Stlth+}
 37091 | D:15     | Entered Level 15 of the Dungeon
 37165 | D:15     | Reached skill level 5 in Armour
 37519 | D:14     | Upgraded the game from 0.31-a0-875-g02e7d12df6 to
                  | 0.31-a0-879-g1609e0ac53
 37532 | D:14     | Learned a level 6 spell: Summon Cactus Giant
 38230 | D:15     | Reached skill level 14 in Summonings
 38389 | D:15     | Reached skill level 5 in Translocations
 38744 | D:15     | Found a staircase to the Depths.
 39064 | Orc:2    | Bought the Atlas of the Chickpea for 660 gold pieces
 39067 | Orc:2    | Learned a level 2 spell: Blink
 39256 | Swamp:1  | Entered Level 1 of the Swamp
 39259 | Swamp:1  | Noticed Frances
 40400 | Swamp:2  | Noticed a tentacled monstrosity
 40422 | Swamp:2  | Killed a tentacled monstrosity
 40518 | Swamp:2  | Noticed Aizul
 40518 | Swamp:2  | Noticed a thorn hunter
 41123 | Swamp:2  | Killed a thorn hunter
 41123 | Swamp:2  | Killed Aizul
 41743 | Swamp:3  | Reached skill level 1 in Poison Magic
 41886 | Swamp:3  | HP: 5/126 [spriggan rider/+0 spear (12)]
 42147 | Swamp:3  | Learned a level 3 spell: Ignite Poison
 42153 | Swamp:3  | Learned a level 4 spell: Olgreb's Toxic Radiance
 42469 | Swamp:3  | Reached skill level 1 in Transmutations
 42683 | Swamp:4  | Entered Level 4 of the Swamp
 42688 | Swamp:4  | Reached XP level 16. HP: 112/134 MP: 19/32
 44243 | Swamp:4  | Reached skill level 15 in Summonings
 44924 | Swamp:4  | Noticed a bone dragon
 44951 | Swamp:4  | Killed a bone dragon
 45284 | Swamp:4  | Got a decaying rune of Zot
 45433 | Spider:1 | Entered Level 1 of the Spider Nest
 45443 | Lair:3   | Reached skill level 5 in Poison Magic
 46847 | Spider:1 | Upgraded the game from 0.31-a0-879-g1609e0ac53 to
                  | 0.31-a0-881-ge136f0c47a
 46908 | Spider:2 | Reached skill level 1 in Long Blades
 47240 | Spider:2 | Noticed Agnes
 47246 | Spider:2 | Killed Agnes
 47629 | Spider:2 | Identified the +1 great sword of Trauma {drain, rC+ Int+2}
 48819 | Spider:2 | Acquired 1035 gold pieces
 49040 | Orc:2    | Bought a manual of Fighting for 1200 gold pieces
 49043 | Orc:2    | Learned a level 2 spell: Passwall
 49043 | Orc:2    | Bought a book of Changes for 270 gold pieces
 49158 | Vaults:1 | Entered Level 1 of the Vaults
 49159 | Vaults:1 | Noticed a sphinx
 49173 | Vaults:1 | Noticed a sphinx
 49284 | Vaults:1 | Reached skill level 1 in Earth Magic
 49302 | Vaults:1 | Reached XP level 17. HP: 124/143 MP: 8/34
 49416 | Vaults:1 | Found a magical portal.
 49425 | WizLab   | Entered Tukima's Studio
 49921 | WizLab   | Noticed a walking earthen tome
 49967 | WizLab   | Killed a walking earthen tome
 50317 | WizLab   | Got a foxed book
 50501 | WizLab   | Noticed a walking earthen tome
 50736 | WizLab   | Killed a walking earthen tome
 50959 | WizLab   | Got a curling book
 51060 | Vaults:1 | Identified the +5 morningstar of Patterns {vamp, rF+ rCorr
                  | Int+2}
 51656 | Vaults:1 | Reached skill level 5 in Long Blades
 51769 | D:13     | Upgraded the game from 0.31-a0-881-ge136f0c47a to
                  | 0.31-a0-889-g1a8549509d
 53075 | D:4      | Killed GreenGuy14's ghost
 53234 | D:7      | Killed Duvessa
 53234 | D:7      | Killed Dowan
 54828 | Spider:3 | Noticed Jorgrun
 55643 | Spider:3 | Reached skill level 10 in Spellcasting
 56252 | Spider:3 | Killed Jorgrun
 56803 | Spider:4 | Entered Level 4 of the Spider Nest
 57121 | Spider:4 | Noticed Arachne
 57138 | Spider:4 | Killed Arachne
 57391 | Spider:4 | Reached XP level 18. HP: 118/152 MP: 20/37
 58163 | Spider:4 | Noticed Donald
 58175 | Spider:4 | Killed Donald
 58944 | Spider:4 | Learned a level 7 spell: Monstrous Menagerie
 59779 | Spider:4 | Got a gossamer rune of Zot
 59785 | Spider:4 | Identified the +0 pair of gloves "Pivego" {Regen+ Dex+3}
 61134 | Vaults:1 | Reached skill level 16 in Summonings
 61156 | Vaults:1 | Identified the ring "Gasmow" {+Blink Will+ Dex+5}
 61167 | Vaults:1 | Identified the +12 sling "Vuith" {speed, rF+ Str+2 Int+2}
 61168 | Vaults:1 | Identified the ring "Qirait" {+Blink MP+9 Str+6 Dex+6}
 61495 | Vaults:1 | Identified the +10 great mace of Indomitability {heavy,
                  | +Blink Str+3}
 62630 | Vaults:2 | Reached skill level 15 in Fighting
 63563 | Vaults:3 | Noticed a golden dragon
 63575 | Vaults:3 | Killed a golden dragon
 63590 | Vaults:3 | Shot with a bolt by a yaktaur captain

Illustrated notes

Levels and vault maps discovered:
D:1:      nzn_arrival_crosshair, layout_loops_ring
D:2:      layout_loops_ring, minmay_bisected, uniq_jessica
D:3:      layout_rooms, bloody_trog, mainiacjoe_overflow_tiny_flanked,
          lemuel_round_altar, serial_shops,
          nicolae_shop_temple_entry_statues_fountains, reono_crystal_passage
D:4:      layout_basic, serial_shops, nicolae_shop_real_fake_doors,
          portal_sewer_entry_c, ebering_ghost_sewer_f
D:5:      layout_basic, okawaru_gym_becter, minmay_overflow_temple_star_quad,
          serial_shops, kennysheep_mini_moat
D:6:      layout_loops_ring, lemuel_round_altar, grunt_dithmenos_smoke,
          temple_fountains, chequers_serial_rivers_micro_e,
          kennysheep_cross_room, uniq_maggie
D:7:      layout_basic, chequers_serial_rivers_micro_b,
          minmay_misc_feat_pillars, minmay_misc_feat_tower,
          chequers_serial_rivers_micro_c, uniq_duvessa, uniq_jeremiah,
          uniq_crazy_yiuf_cottage
D:8:      layout_basic, amcnicky_altar_gilded, uniq_prince_ribbit1
D:9:      layout_basic, minmay_orc_entry_guard_dogs, enter_bailey_3,
          nicolae_twisty_statue_hallways
D:10:     layout_roguey
D:11:     layout_small_grid, erik_lair_orcish_takeover,
          portal_ice_cave_entry_pillars_2
D:12:     layout_rooms, kennysheep_potato
D:13:     layout_basic, erik_vaults_2, minmay_misc_feat_secret_circle,
          minmay_holes
D:14:     layout_loops_corners
D:15:     grunt_enter_depths_magical_seal, layout_irregular_city,
          serial_park_gazebo [serial_park_minivault_5x5_3]
Lair:1:   layout_cellular_growth, dreamdust_wasp_nest
Lair:2:   layout_gridlike, patterned_corridor, infiniplex_staircase_pool
Lair:3:   layout_gridlike, nicolae_swamp_entry_spooky, spider_nest_entry_a,
          gauntlet_entry_generic, eino_small_chamber_without_monster,
          uniq_kirke, uniq_josephine, uniq_fannar
Lair:4:   dreamdust_cave_troll, layout_cave_pods,
          nicolae_slime_entry_field_trip, ebering_ghost_inner_flame
Lair:5:   cheibrodos_lair_end_hotspot, layout_gridlike, uniq_sonja
Swamp:1:  layout_basic_swamp, hangedman_swamp_ruin_hall, uniq_frances
Swamp:2:  cheibrodos_swamp_monstrosity, layout_falls_marsh,
          nicolae_swamp_some_circles, uniq_aizul
Swamp:3:  layout_basic_swamp, nicolae_swamp_fairy_circle
Swamp:4:  swamp_pestilence, layout_basic_swamp, swamp_pool5
Spider:1: layout_spider_delve, drop_trap, hangedman_spider_mandibles,
          nicolae_spider_paper_wasps
Spider:2: layout_spider_delve, uniq_agnes
Spider:3: nicolae_spider_hilbert_zone_7 [nicolae_spider_hilbert_4_sides_1_open,
          nicolae_spider_hilbert_4_sides_1_open,
          nicolae_spider_hilbert_4_sides_1_open,
          nicolae_spider_hilbert_4_sides_1_open,
          nicolae_spider_hilbert_3_sides_1_open,
          nicolae_spider_hilbert_3_sides_1_open,
          nicolae_spider_hilbert_3_sides_1_open,
          nicolae_spider_hilbert_3_sides_1_open,
          nicolae_spider_hilbert_4_sides_1_open,
          nicolae_spider_hilbert_4_sides_1_open,
          nicolae_spider_hilbert_4_sides_1_open,
          nicolae_spider_hilbert_2_sides_1_open,
          nicolae_spider_hilbert_2_sides_1_open,
          nicolae_spider_hilbert_2_sides_1_open,
          nicolae_spider_hilbert_2_sides_1_open,
          nicolae_spider_hilbert_2_sides_1_open,
          nicolae_spider_hilbert_2_sides_1_open], uniq_jorgrun
Spider:4: grunt_spider_rune_circles, hangedman_spider_tarantella_strand,
          uniq_arachne, uniq_donald
Orc:1:    layout_caves, serial_shops, shop, uniq_erica
Orc:2:    st_orc_rangers, layout_caves, serial_shops, shop, uniq_erolcha,
          uniq_maurice
Vaults:1: mu_enter_wizlab_2, nicolae_vaults_offset_grid_hallway_4,
          nicolae_vaults_trapezoid_layered, hangedman_vaults_variations,
          nicolae_vaults_storing_the_good_stuff, nicolae_vaults_shelves_hall,
          hangedman_vaults_maws, nicolae_vaults_six-pack,
          nicolae_vaults_apartment_2, nicolae_vaults_gold_heap,
          layout_vaults_omnigrid
Vaults:2: nicolae_vaults_house_2, vaults_mumra_lcd, ontoclasm_vaults_bender,
          v_misc_10, nicolae_vaults_security_offices_1,
          nicolae_vaults_tetromino_Z_2, hangedman_vaults_cutoff,
          nicolae_vaults_specimen_jars, vaults_room_door_ring,
          nicolae_vaults_little_squares_3, layout_vaults_ring
Vaults:3: nicolae_vaults_lopsided_apartments, hangedman_vaults_snaps,
          grunt_vaults_swirl, blue_anna_dwarven_crypt, ontoclasm_vaults_tryst,
          v_rooms_3, nicolae_vaults_tetromino_T_2, nicolae_vaults_double_plus_1,
          nicolae_vaults_closet_pinwheel_1, ontoclasm_vaults_spin, v_misc_30,
          vaults_mumra_chevron_long, nicolae_vaults_double_plus_1,
          layout_vaults_omnibox, serial_shops, shop, uniq_norris

Skill      XL: |  1  2  3  4  5  6  7  8  9 10 11 12 13 14 15 16 17 18 |
---------------+-------------------------------------------------------+-----
Conjurations   | 1 2 3 4 5 6 |  6.0
Fire Magic     | 3 4 5 7 8 9 10 | 10.0
Spellcasting   | 2 3 4 5 6 7 8 10 11 | 11.0
Translocations | 1 2 3 4 6 |  6.0
Dodging        | 3 5 7 8 10 12 13 | 13.5
Armour         | 2 3 5 |  5.0
Fighting       | 2 5 6 7 10 13 15 | 15.6
Shields        | 3 7 9 |  9.6
Summonings     | 3 7 12 14 15 16 | 16.5
Hexes          | 2 |  2.0
Stealth        | 4 |  4.0
Poison Magic   | 2 7 |  7.9
Transmutations | 1 3 |  3.0
Long Blades    | 3 5 6 |  6.0
Earth Magic    | 1 3 |  3.0

Action                     |  1- 3 |  4- 6 |  7- 9 | 10-12 | 13-15 | 16-18 || total
---------------------------+-------+-------+-------+-------+-------+-------++-------
  Melee: Spear             |    12 |       |       |       |       |       ||    12
         Punch             |     1 |       |       |       |       |       ||     1
         Whip              |     2 |    32 |     7 |       |       |       ||    41
         Short sword       |       |       |       |    69 |   369 |   589 ||  1027
         Long sword        |       |       |       |       |    40 |   318 ||   358
         Dagger            |       |       |       |       |       |     6 ||     6
  Throw: Dart              |       |       |       |       |     6 |       ||     6
   Cast: Foxfire           |    41 |    35 |   122 |   120 |   396 |    50 ||   764
         Scorch            |    27 |    59 |    97 |   253 |   491 |   158 ||  1085
         Volatile Blastmot |       |     1 |     1 |       |     9 |     4 ||    15
         Flame Wave        |       |       |       |     5 |    98 |       ||   103
         Summon Forest     |       |       |       |       |    27 |    58 ||    85
         Inner Flame       |       |       |       |       |   119 |    13 ||   132
         Summon Cactus Gia |       |       |       |       |     9 |   108 ||   117
         Olgreb's Toxic Ra |       |       |       |       |       |   111 ||   111
         Ignite Poison     |       |       |       |       |       |   102 ||   102
         Blink             |       |       |       |       |       |     6 ||     6
         Passwall          |       |       |       |       |       |     2 ||     2
         Monstrous Menager |       |       |       |       |       |    12 ||    12
  Evoke: Wand              |       |       |       |     1 |     4 |    11 ||    16
         Phantom mirror    |       |       |       |       |       |     2 ||     2
    Use: Scroll            |       |     7 |     2 |    10 |    20 |    18 ||    57
         Potion            |       |       |     1 |     6 |     6 |    15 ||    28
   Stab: Sleeping          |       |     3 |       |       |     1 |    11 ||    15
         Distracted        |       |       |       |       |     6 |    17 ||    23
         Paralysed         |       |       |       |       |       |     8 ||     8
 Armour: Robe              |    10 |    51 |       |       |       |       ||    61
         Ring mail         |       |       |     2 |       |    24 |       ||    26
         Steam dragon scal |       |       |    41 |   133 |   436 |       ||   610
         Troll leather arm |       |       |       |       |    76 |       ||    76
         Acid dragon scale |       |       |       |       |   250 |  1496 ||  1746
  Dodge: Dodged            |     9 |    46 |    42 |   100 |   678 |  1128 ||  2003
  Block: Kite shield       |       |       |    10 |   125 |   748 |  1137 ||  2020
         Reflection        |       |       |       |       |       |     7 ||     7

Table legend: (Time is in decaauts)
 A = Elapsed time spent in this place.
 B = Non-inter-level travel time spent in this place.
 C = Inter-level travel time spent in this place.
 D = Time resting spent in this place.
 E = Time spent auto-exploring this place.
 F = Levels seen in this place.
 G = Mean time per level.
                   A        B        C        D        E       F      G
               +--------+--------+--------+--------+--------+-----+--------+
         Total |  63914 |  60319 |   3595 |  24259 |  22533 |  38 | 1681.9 |
       Dungeon |  21428 |  19606 |   1822 |   5069 |  10977 |  15 | 1428.5 |
          Lair |  11064 |  10154 |    910 |   5024 |   2994 |   5 | 2212.8 |
         Swamp |   6216 |   6025 |    191 |   1992 |   2570 |   4 | 1554.0 |
   Spider Nest |  10379 |  10005 |    374 |   4726 |   2805 |   4 | 2594.8 |
  Orcish Mines |   4519 |   4304 |    215 |   2498 |    965 |   2 | 2259.5 |
        Vaults |   4217 |   4136 |     81 |   1016 |   1765 |   3 | 1405.7 |
         Sewer |    505 |    505 |      0 |    305 |    123 |   1 |  505.0 |
        Bailey |    912 |    912 |      0 |    487 |    254 |   1 |  912.0 |
      Ice Cave |   2210 |   2210 |      0 |   1598 |      0 |   1 | 2210.0 |
        Wizlab |   1595 |   1595 |      0 |   1084 |      0 |   1 | 1595.0 |
      Gauntlet |    865 |    865 |      0 |    458 |     79 |   1 |  865.0 |
               +--------+--------+--------+--------+--------+-----+--------+

Top non-repeatable levels by time:
Spider:3: 3817 daAuts
  Lair:3: 3567 daAuts
Spider:4: 2897 daAuts
  Lair:2: 2701 daAuts
 Swamp:4: 2575 daAuts
Vaults:1: 2453 daAuts
Spider:2: 2435 daAuts
   Orc:1: 2359 daAuts
  Lair:4: 2354 daAuts
   IceCv: 2210 daAuts
     D:6: 2177 daAuts
   Orc:2: 2160 daAuts
  Lair:1: 2081 daAuts
    D:13: 1983 daAuts
     D:5: 1833 daAuts
